Workbook

Sheet Proposal
B2: Acquisition Proposal Model
B3: Magnimetrics
B5: EUR
A7: 1 | B7: Valuation Model
B9: Line item | D9: CY 2020
B10: Revenue | D10: ='Due Diligence'!F11 -> 6.3144063e+08
B11: EBITDA | D11: ='Due Diligence'!F25 -> 52559649
B12: EBITDA % | D12: =D11/D10 -> 0.083237673
B14: EBITDA Multiple | D14: 6.5
B15: Enterprise Value | D15: =D11*D14 -> 3.4163772e+08
B17: Debt
B18: Non-current | D18: ='Due Diligence'!F71 -> 2418000
B19: Current | D19: ='Due Diligence'!F74 -> 76410500
B20: Less: Total Debt | D20: =SUM(D18:D19) -> 78828500
B22: Plus: Total Cash | D22: ='Due Diligence'!F60 -> 4999999.5
B24: Equity Value | D24: =D15-D20+D22 -> 2.6780922e+08
A26: 2 | B26: Acquisition Offer
B28: Line item | D28: Offer
B29: Ownership % | D29: 0.75
B30: Consideration for Equity | D30: =D24*D29 -> 2.0085691e+08
B32: Purchase Premium | D32: 10000000
B33: Total Consideration | D33: =SUM(D30:D32) -> 2.1085691e+08
B35: Consideration Breakdown | C35: Multiple
B36: Cash | C36: 2.5 | D36: =D$33/D$14*$C36 -> 81098813
B37: Equity | C37: =D14-C36 -> 4 | D37: =D$33/D$14*$C37 -> 1.297581e+08
B38: Total | D38: =SUM(D36:D37) -> 2.1085691e+08
B40: Offered Equity Share Price | D40: 265.8
B41: Implied share count | D41: =ROUND(D37/D40,0) -> 488179

Sheet Due Diligence
B2: Due Diligence - Normalized Financials
B3: Magnimetrics
B5: EUR
A7: 1 | B7: Income Statement
D9: FY 2018 | E9: FY 2019 | F9: FY 2020
B11: Sales, net of early payment bonuses | D11: 5.1179511e+08 | E11: 5.2203101e+08 | F11: 6.3144063e+08
B12: Material Cost (BOM) | D12: -4.0329455e+08 | E12: -4.1553669e+08 | F12: -4.8033607e+08
B13: Profit on BOM | D13: =SUM(D11:D12) -> 1.0850056e+08 | E13: =SUM(E11:E12) -> 1.0649433e+08 | F13: =SUM(F11:F12) -> 1.5110456e+08
B14: BOM Margin | D14: =D13/D11 -> 0.212 | E14: =E13/E11 -> 0.204 | F14: =F13/F11 -> 0.23930129
B16: Production Staff Costs (in COGS) | D16: -28865244 | E16: -23386989 | F16: -38638433
B17: Other Production Costs | D17: -7472208.6 | E17: -7517246.6 | F17: -8026341.1
B18: Cost of Sales | D18: =D12+D16+D17 -> -4.39632e+08 | E18: =E12+E16+E17 -> -4.4644092e+08 | F18: =F12+F16+F17 -> -5.2700085e+08
B19: Gross profit | D19: =D11+D18 -> 72163111 | E19: =E11+E18 -> 75590091 | F19: =F11+F18 -> 1.0443978e+08
B20: Gross margin | D20: =D19/D11 -> 0.141 | E20: =E19/E11 -> 0.1448 | F20: =F19/F11 -> 0.16539921
B22: Administrative expenses | D22: -13613750 | E22: -16339571 | F22: -23544975
B23: Selling expenses | D23: -11259492 | E23: -11484682 | F23: -14695312
B24: Other operating income / (expense) | D24: -9877645.7 | E24: -8770121 | F24: -13639848
B25: EBITDA | D25: =D19+D22+D23+D24 -> 37412223 | E25: =E19+E22+E23+E24 -> 38995717 | F25: =F19+F22+F23+F24 -> 52559649
B26: EBITDA margin | D26: =D25/D11 -> 0.0731 | E26: =E25/E11 -> 0.0747 | F26: =F25/F11 -> 0.083237673
B28: Depreciation and amortization | D28: -11668929 | E28: -11797901 | F28: -15986156
B29: EBIT | D29: =D25+D28 -> 25743294 | E29: =E25+E28 -> 27197816 | F29: =F25+F28 -> 36573493
B30: EBIT margin | D30: =D29/D11 -> 0.0503 | E30: =E29/E11 -> 0.0521 | F30: =F29/F11 -> 0.057920716
B32: Non-operating expenses | D32: -972410.71 | E32: -1096265.1 | F32: -1179790.1
B33: Non-operating income
B35: Interest expense | D35: -1172500 | E35: -1260000 | F35: -1312500
B36: Other finance income/(costs), net
B37: Total finance income/(costs), net | D37: =SUM(D35:D36) -> -1172500 | E37: =SUM(E35:E36) -> -1260000 | F37: =SUM(F35:F36) -> -1312500
B38: Profit / (loss) before income tax | D38: =D29+D32+D33+D37 -> 23598383 | E38: =E29+E32+E33+E37 -> 24841551 | F38: =F29+F32+F33+F37 -> 34081203
B40: Income tax (expense) | D40: =-10%*D38 -> -2359838.3 | E40: =-10%*E38 -> -2484155.1 | F40: =-10%*F38 -> -3408120.3
B41: Profit / (loss) for the period | D41: =D38+D40 -> 21238545 | E41: =E38+E40 -> 22357396 | F41: =F38+F40 -> 30673083
B42: Profit margin | D42: =D41/D11 -> 0.04149814 | E42: =E41/E11 -> 0.042827715 | F42: =F41/F11 -> 0.048576353
A44: 2 | B44: Balance Sheet
D46: FY 2018 | E46: FY 2019 | F46: FY 2020
B48: ASSETS
B49: Non-current assets
B50: Property, plant and equipment | D50: 1.0475388e+08 | E50: 99405667 | F50: 91667435
B51: Intangible assets | D51: 8072795.8 | E51: 6303110.7 | F51: 3905187.3
B52: Deferred tax asset | D52: 2918307.2 | E52: 2918307.2 | F52: 2918307.2
B53: Total non-current assets | D53: =SUM(D50:D52) -> 1.1574499e+08 | E53: =SUM(E50:E52) -> 1.0862708e+08 | F53: =SUM(F50:F52) -> 98490929
B54: Current assets
B55: Raw materials | D55: 1.9002073e+08 | E55: 1.6290084e+08 | F55: 2.24e+08
B56: Finished goods | D56: 73013945 | E56: 81816163 | F56: 94000000
B57: Trade receivables | D57: 63735078 | E57: 82147561 | F57: 82200000
B58: Intercompany receivables | D58: 1245000 | E58: 1590000 | F58: 1800000
B59: Other receivables | D59: 6228034.7 | E59: 7414327 | F59: 8238141.1
B60: Cash and cash equivalents | D60: 5908045.5 | E60: 11523958 | F60: 4999999.5
B61: Total current assets | D61: =SUM(D55:D60) -> 3.4015084e+08 | E61: =SUM(E55:E60) -> 3.4739285e+08 | F61: =SUM(F55:F60) -> 4.1523814e+08
B62: Total assets | D62: =D53+D61 -> 4.5589582e+08 | E62: =E53+E61 -> 4.5601993e+08 | F62: =F53+F61 -> 5.1372907e+08
B63: EQUITY
B64: Shareholder's equity
B65: Share capital | D65: 50000000 | E65: 50000000 | F65: 50000000
B66: Reserves | D66: 85750000 | E66: 85750000 | F66: 85750000
B67: Retained earnings | D67: 99704140 | E67: 1.1944569e+08 | F67: 1.2878441e+08
B68: Total equity | D68: =SUM(D65:D67) -> 2.3545414e+08 | E68: =SUM(E65:E67) -> 2.5519569e+08 | F68: =SUM(F65:F67) -> 2.6453441e+08
B69: LIABILITIES
B70: Non – current liabilities
B71: Bank debt | D71: 2418000 | E71: 2418000 | F71: 2418000
B72: Total non-current liabilities | D72: =SUM(D71:D71) -> 2418000 | E72: =SUM(E71:E71) -> 2418000 | F72: =SUM(F71:F71) -> 2418000
B73: Current Liabilities
B74: Bank debt | D74: 73246500 | E74: 75828500 | F74: 76410500
B75: Trade payables | D75: 1.4115445e+08 | E75: 1.1841368e+08 | F75: 1.6584e+08
B76: Other liabilities | D76: 3622735.8 | E76: 4164064.2 | F76: 4526156.7
B77: Total current liabilities | D77: =SUM(D74:D76) -> 2.1802368e+08 | E77: =SUM(E74:E76) -> 1.9840624e+08 | F77: =SUM(F74:F76) -> 2.4677666e+08
B78: Total liabilities | D78: =D72+D77 -> 2.2044168e+08 | E78: =E72+E77 -> 2.0082424e+08 | F78: =F72+F77 -> 2.4919466e+08
B79: Total liabilities and shareholders’ equity | D79: =D68+D78 -> 4.5589582e+08 | E79: =E68+E78 -> 4.5601993e+08 | F79: =F68+F78 -> 5.1372907e+08
B80: Check | D80: =ROUND(D62-D79,0) -> 0 | E80: =ROUND(E62-E79,0) -> 0 | F80: =ROUND(F62-F79,0) -> 0
